 Dungeon Crawl Stone Soup version 0.28.0-47-ge53b351184 (webtiles) character file.

Game seed: 12129692232035523094

252 hawla the Digger (level 5, -6/31 HPs)
             Began as a Felid Earth Elementalist on May 8, 2022.
             Mangled by Pikel
             ... wielding a +1 whip of flaming
              (7 damage)
             ... on level 3 of the Dungeon.
             The game lasted 00:09:24 (4922 turns).

hawla the Digger (Felid Earth Elementalist)         Turns: 4922, Time: 00:09:24

Health: -6/31      AC: 22    Str:  4    XL:     5   Next: 89%
Magic:  9/9        EV:  4    Int: 18    God:
Gold:   146        SH:  0    Dex: 17    Spells: 5/9 levels left
                                        Lives:  0   Deaths: 1

rFire   . . .      SeeInvis +     - Unarmed
rCold   . . .      Faith    .   (shield unavailable)
rNeg    . . .      Spirit   .   (armour unavailable)
rPois   +          Reflect  .   (helmet unavailable)
rElec   .          Harm     .   (cloak unavailable)
rCorr   .          Rampage  .   (gloves unavailable)
Will    .....      NoTele   +   (boots unavailable)
Stlth   ++........              (no amulet)
HPRegen 0.10/turn               (no ring)
MPRegen 0.11/turn               (no ring)

@: tree-form, attractive
A: stationary, stasis, torment immunity, boosted hp, very small, (claws 1),
(fangs 3), see invisible, (speed 1), (shaggy fur 1), (stealthy paws), no weapons
or thrown items, no armour, multi-lived
a: no special abilities


You were on level 3 of the Dungeon.
You were a tree.
You visited 1 branch of the dungeon, and saw 4 of its levels.

You collected 146 gold pieces.

Inventory:

Missiles
 b - 53 stones
Wands
 a - a wand of paralysis (8)
Scrolls
 e - a scroll of identify
 h - a scroll of silence {unknown}
 i - a scroll of teleportation
 j - a scroll of amnesia {unknown}
 k - a scroll of enchant weapon {unknown}
Potions
 c - a potion of lignification
 g - a potion of curing {unknown}


   Skills:
 + Level 4.2 Dodging
 - Level 3.1 Stealth
 + Level 1.7 Unarmed Combat
 - Level 2.6 Spellcasting
 * Level 1.5 Conjurations
 + Level 1.1 Transmutations
 * Level 5.1 Earth Magic


You had 5 spell levels left.
You knew the following spells:

 Your Spells              Type           Power      Damage    Failure   Level
a - Sandblast             Erth           40%        2d10      1%          1
b - Stone Arrow           Conj/Erth      28%        3d8       13%         3

Your spell library contained the following spells:

 Spells                   Type           Power      Damage    Failure   Level
 Passwall                 Tmut/Erth      10%        N/A       7%          2
 Petrify                  Tmut/Erth      13%        N/A       43%         4


Dungeon Overview and Level Annotations

Branches:
Dungeon (4/15)
 Temple: D:4-7

Altars:

Shops:
D:2 *

Annotations:
D:3 Pikel


Innate Abilities, Weirdness & Mutations

You are a tree.
Your roots penetrate the ground, keeping you stationary.
You cannot be teleported.
You are immune to unholy pain and torment.
Your maximum health is greatly increased.
((You have sharp claws.))
((You have razor-sharp teeth.))
You have supernaturally acute eyesight. (SInv)
((You cover ground quickly. (Speed+)))
((You are covered in fur. (AC +1)))
((Your paws help you pounce on unaware monsters.))
You are incapable of wielding weapons or throwing items.
You cannot wear armour.
You gain extra lives every three experience levels.


Message History

The spell is extremely dangerous to miscast (14% risk of failure)!
Continue anyway?
Aiming: Stone Arrow (extremely dangerous; 14% risk of failure)
Press: ? - help, Shift-Dir - straight line, f/p - Natasha
Aim: Natasha (60% to hit)
The stone arrow hits Natasha!
You kill Natasha!
You feel Natasha's spirit has finally been put to rest.
Unknown command.
c - 2 potions of lignification (gained 1) Done exploring.
Done exploring.
(D) Dungeon
Where to? (Enter - D:4, ? - help)
What level of the Dungeon? (default 1, ? - help)
There is a stone staircase leading down here.
You climb downwards.
The lemure shouts!
The adder hisses angrily.
The lemure shouts!
You hear a shout!
The kobold shouts!
Found a leather armour, a scroll of identify and a short sword.
There is a stone staircase leading up here.
There are monsters nearby!
Pikel misses you. The lemure hits you. The lemure hits you!
* * * LOW HITPOINT WARNING * * *
You climb upwards.
There is a stone staircase leading down here.
Really quaff the potion of lignification?
You turn into a tree.
Your roots penetrate the ground.
The lemure hits you but does no damage.
Pikel hits you with a +1 whip of flaming.
* * * LOW HITPOINT WARNING * * *
Pikel burns you.
* * * LOW HITPOINT WARNING * * *
The lemure hits you.
* * * LOW HITPOINT WARNING * * *
It was a potion of attraction.
You feel attractive to monsters. The lemure hits you but does no damage.
Pikel cracks his whip.
Pikel hits you with a +1 whip of flaming!
You die...

#####################
#........)..........#
#.#################.# #.#
#........######### #.#
#.......[#........ #.#
#♣5......+........ #.#
#####5K).....#........ #.#
#..................... #.#
#.........####...†.... #.#
#.........# #........
#.######.........# #########
#####................#########
#....................#.......#
##.#########.........#.......####


You could see Pikel and 2 lemures.

Vanquished Creatures
  A jelly (D:3)
  An orc priest (D:3)
  Terence (D:2)
  An iguana (D:3)
  An orc wizard (D:3)
  Ijyb (D:3)
  Natasha (thrice) (D:3)
  Robin (D:2)
  4 adders
  A dart slug (D:3)
  3 orcs (D:3)
  8 bats
  An endoplasm (D:3)
  A giant cockroach (D:3)
  15 goblins
  5 hobgoblins
  6 jackals
  7 kobolds
  2 quokkas
  2 ball pythons (D:2)
  7 frilled lizards
  2 rats (D:1)
74 creatures vanquished.

Notes
Turn   | Place    | Note
-------+----------+-------------------------------------------
     0 | D:1      | hawla the Felid Earth Elementalist began the quest for the
                  | Orb.
     0 | D:1      | Reached XP level 1. HP: 7/7 MP: 4/4
   261 | D:1      | Reached skill level 3 in Earth Magic
   261 | D:1      | Reached XP level 2. HP: 11/11 MP: 4/6
  1317 | D:2      | Found Eqin Intaah's Assorted Antiques.
  1849 | D:2      | Reached XP level 3. HP: 14/14 MP: 3/7
  2362 | D:2      | Learned a level 3 spell: Stone Arrow
  2484 | D:2      | Noticed Terence
  2587 | D:2      | Killed Terence
  2588 | D:2      | Reached XP level 4. HP: 18/18 MP: 4/8
  2644 | D:2      | Noticed Robin
  2932 | D:2      | Killed Robin
  3445 | D:2      | Found a faded altar of an unknown god.
  3543 | D:3      | Noticed Ijyb
  3556 | D:3      | Killed Ijyb
  3557 | D:3      | Reached skill level 4 in Earth Magic
  3714 | D:3      | Reached skill level 1 in Unarmed Combat
  3714 | D:3      | Reached XP level 5. HP: 21/21 MP: 4/9
  3721 | D:3      | Reached skill level 1 in Conjurations
  4067 | D:3      | Splashed by a jelly's acid
  4068 | D:3      | Reached XP level 4. HP: 0/18 MP: 5/8
  4081 | D:3      | Noticed Natasha
  4084 | D:3      | Killed Natasha
  4123 | D:3      | Noticed Natasha
  4126 | D:3      | Killed Natasha
  4127 | D:3      | Reached XP level 5. HP: 21/21 MP: 5/9
  4345 | D:3      | Reached skill level 5 in Earth Magic
  4850 | D:3      | Noticed Natasha
  4857 | D:3      | Killed Natasha
  4918 | D:4      | Noticed Pikel
  4918 | D:4      | Noticed a lemure
  4918 | D:4      | Noticed a lemure
  4918 | D:4      | Noticed a lemure
  4918 | D:4      | Noticed a lemure
  4921 | D:3      | HP: 1/31 [lemure[Pikel] (6)]
  4922 | D:3      | Mangled by Pikel

Illustrated notes

Levels and vault maps discovered:
D:1:      wheals_arrival_linesprint, layout_basic
D:2:      layout_loops_corners, serial_shops, shop,
          shapermc_ecumenical_altar_hornbeckon, uniq_terence, uniq_robin
D:3:      layout_basic, kennysheep_generic_room_10, uniq_ijyb, uniq_natasha
D:4:      layout_cave_pools, uniq_pikel, uniq_grinder, uniq_menkaure

Skill      XL: |  1  2  3  4  5 |
---------------+----------------+-----
Earth Magic    | 3 4 5 |  5.1
Stealth        | 3 |  3.1
Dodging        | 3 4 |  4.2
Unarmed Combat | 1 |  1.7
Conjurations   | 1 |  1.5
Spellcasting   | |  2.6
Transmutations | |  1.1

Action                   |  1- 3 |  4- 6 || total
-------------------------+-------+-------++-------
Melee: Unarmed           |    21 |    36 ||    57
       Bite              |     1 |     2 ||     3
 Cast: Sandblast         |    46 |    38 ||    84
       Stone Arrow       |     3 |    12 ||    15
Evoke: Wand              |       |     1 ||     1
  Use: Scroll            |     3 |     2 ||     5
       Potion            |       |     4 ||     4
 Stab: Sleeping          |     3 |       ||     3
       Paralysed         |       |     2 ||     2
Armor: Skin              |     2 |     8 ||    10
Dodge: Dodged            |    33 |    45 ||    78
